AoeStats
← Plutos0101

Arabia

510015184Analyzed
2v2 RM · 3d ago on Sep 29, 2026· 35m 19s· 4 players
Game mode
Random Map
Map size
Medium (4 player)
Population
200
Speed
Normal
Resources
Standard
Victory
Conquest
Starting age
Dark Age
Ending age
Imperial Age
RankedLock teamsTeams togetherTeam positionsShared explorationLock speedFull tech treeHidden civsTurbo modeCheats
Victory
Defeat
🇺🇸 Varangians · United States
1225
+16
🇨🇦 Goths · Canada
1191
+17
🇨🇱 Saracens · Chile
1242
-17
🇺🇸 Mongols · United States
1200
-16
Stonefoot28
4:11 Loom
10:21 Feudal Age
10:52 Double-Bit Axe
11:43 Horse Collar
19:07 Gold Mining
22:07 Castle Age
20:13 Scale Barding Armor
20:21 Bloodlines
20:11 Town Watch
20:46 Forging
21:43 Town Watch
22:34 Wheelbarrow
23:22 Chain Barding Armor
24:29 Husbandry
26:58 Bow Saw
26:53 Heavy Plow
28:42 Hand Cart
Riper-Kun
5:33 Loom
7:41 Loom
10:09 Feudal Age
11:07 Double-Bit Axe
11:03 Horse Collar
13:44 Fletching
15:33 Padded Archer Armor
22:23 Castle Age
21:14 Gold Mining
21:16 Stone Mining
26:05 Squires
26:19 Forging
26:09 Scale Mail Armor
30:02 Heavy Plow
32:06 Wheelbarrow
32:23 Elite Skirmisher
BigPharmA
5:30 Loom
9:18 Feudal Age
14:24 Double-Bit Axe
14:22 Horse Collar
21:48 Castle Age
20:09 Fletching
21:26 Padded Archer Armor
22:25 Bodkin Arrow
27:57 Leather Archer Armor
27:47 Husbandry
30:47 Bloodlines
32:12 Wheelbarrow
32:55 Scale Barding Armor
33:01 Forging
37:15 Imperial Age
35:17 Chain Barding Armor
Plutos0101
4:45 Loom
10:18 Feudal Age
11:16 Double-Bit Axe
14:22 Fletching
20:43 Castle Age
19:11 Horse Collar
20:15 Padded Archer Armor
20:58 Crossbowman
22:12 Bodkin Arrow
23:01 Ballistics
25:18 Bow Saw
26:31 Wheelbarrow
31:12 Leather Archer Armor
31:33 Heavy Plow
32:59 Scale Barding Armor
Connection lost

Rejoining the realm…

Still unreachable

The connection could not be restored.

Session expired

The server has moved on; the page needs a fresh start.